AoeStats
← tahasnmz

Arabia

506714810Analyzed
1v1 RM · 18d ago on Sep 14, 2026· 27m 10s· 2 players
Game mode
Random Map
Map size
Tiny (2 player)
Population
200
Speed
Normal
Resources
Standard
Victory
Conquest
Starting age
Dark Age
Ending age
Imperial Age
RankedLock teamsTeams togetherTeam positionsShared explorationLock speedFull tech treeHidden civsTurbo modeCheats
Victory
Defeat
🇹🇷 Hindustanis · Türkiye
1026
+14
🇲🇽 Vietnamese · Mexico
986
-14
Althidon
10:54 Feudal Age
11:54 Loom
19:39 Fletching
19:44 Double-Bit Axe
21:00 Padded Archer Armor
26:40 Castle Age
24:52 Horse Collar
tahasnmz
5:53 Loom
8:36 Feudal Age
9:35 Double-Bit Axe
14:44 Scale Barding Armor
14:50 Forging
14:50 Horse Collar
21:54 Castle Age
20:43 Fletching
20:57 Padded Archer Armor
21:08 Gold Mining
21:50 Town Watch
22:15 Crossbowman
23:21 Bodkin Arrow
24:32 Bow Saw
24:36 Squires
27:34 Thumb Ring
Connection lost

Rejoining the realm…

Still unreachable

The connection could not be restored.

Session expired

The server has moved on; the page needs a fresh start.